montu, chaotic male human Wizard ----------- |....<.....# ------ ------------ |.........|# #.....| +..........| |.........|# #|.....# ..\...h.G| |.........|# #------## -......).h.| -----------### #### # ...o(| # # # .%h| ### # # # -h- # ---------##**########### @ ##........| -----# # --------- # |.......| ##-.{.|# ###|....<..| # |.......| # |...|# #........| ------+-----.--- |.......|### |>..|# |.......| |..............| |.......|# |...-# |.......-####...............| |.......-# ----- --------- |...%..........| -.------- |..............| # ---------------- montu the Thaumaturge Experience level: 6 Strength: 10 Dexterity: 15 Constitution: 16 Intelligence: 18 Wisdom: 8 Charisma: 9 Health: 0(64) Energy: 7(27) Def: 1 Gold: 757 Moves: 3345 Dungeon seed: 367DtsGnxcZ3vWV3 Game ID: montu_1704759219 Your Inventory: Coins $ - 757 gold pieces Amulets D - an uncursed amulet of reflection Weapons a - a blessed +1 quarterstaff (weapon in hands) Armor e - an uncursed +0 cloak of magic resistance (being worn) n - an uncursed -1 pair of levitation boots Scrolls u - a cursed scroll of enchant armor Spellbooks F - an uncursed spellbook of remove curse Potions j - an uncursed potion of gain ability l - a potion of holy water s - an uncursed potion of hallucination A - an uncursed potion of extra healing C - an uncursed potion of restore ability Wands b - an uncursed wand of striking (0:0) k - an uncursed wand of secret door detection (0:12) m - an uncursed wand of slow monster (0:7) w - an uncursed wand of light (0:14) x - an uncursed wand of striking (0:0) Tools h - an uncursed blindfold E - an uncursed tallow candle (0:200) Gems q - 2 uncursed worthless pieces of violet glass Spells and supernatural/magical abilities: Name Level Category Cost Memory a - force bolt 1 attack 8pw 95% c - cause fear 3 enchantment 25pw 96% l - light 1 divination 12pw 98% m - magic missile 2 attack 16pw 95% r - remove curse 3 clerical 37pw 95% z - sleep 1 enchantment 8pw 95% O - summoning 2 clerical 25pw 98% W - pray for help -- divine ? -- Your skills at the end: Fighting Skills wands [Basic] Weapon Skills quarterstaff [Basic] Spellcasting Skills attack spells [Basic] enchantment spells [Basic] Final Attributes: You were piously aligned. You were magic resistant. You last prayed 175 turns ago. Anhur was noncommittal. You are dead. Vanquished creatures: 5 bugbears a rock mole a shrieker a gray ooze a straw golem 6 giant ants a little dog 2 kittens a dwarf a kobold lord a kobold shaman 11 hill orcs 6 rothes 2 werejackals an acid blob a gas spore 2 hobbits 4 hobgoblins a giant rat a brown mold 2 yellow molds a green mold a red mold 6 gnomes a gnome zombie a gecko a jackal 2 foxes a kobold 2 goblins 2 sewer rats 6 grid bugs 3 bats 4 lichens 4 newts 87 creatures vanquished. Voluntary challenges: You used a wielded weapon 54 times, starting on turn 27. You read items or engraved 17 times, starting on turn 756. You never genocided any monsters. You never polymorphed an object. You never changed form. You used no wishes. You never split a pudding. You wrote Elbereth's name 4 times, starting on turn 2105. You never violated your personal moral code. Dungeon overview: The Dungeons of Doom: levels 1 to 7 Level 1 a fountain, a vault a long staircase Level 2 Level 3 Level 4 an altar to Thoth, a fountain a long staircase Level 5 a fountain, a vault Level 6 many fountains Level 7 <- You were here a fountain, a throne, a vault a long staircase History has recorded: On T:1 you entered the Dungeons of Doom to retrieve the Amulet of Yendor! On T:793 you advanced to experience level 2. On T:836 you reached level 2 of The Dungeons of Doom. On T:1154 you advanced to experience level 3. On T:1318 you reached level 3 of The Dungeons of Doom. On T:1741 you reached level 4 of The Dungeons of Doom. On T:1848 you advanced to experience level 4. On T:1920 you reached level 5 of The Dungeons of Doom. On T:2113 you advanced to experience level 5. On T:2528 you reached level 6 of The Dungeons of Doom. On T:2809 you advanced to experience level 6. On T:3165 you reached level 7 of The Dungeons of Doom. Score breakdown: Gold: 757 ( 9795 points) Experience: 6 levels (12456 points) Exploration: 7 levels ( 15.22%) (10954 points) Discoveries: 7 items ( 2.35%) ( 4597 points) Valuables value: (no points given unless you survive) Artifact value: 0 ( 0 points) Variety of kills: 35 monsters ( 9.21%) ( 9104 points) Turncount: 3345 turns ( -760 points) Survival: died (score multiplied by 80%) Total score: 36916 Latest messages: The bugbear picks up a crossbow bolt from the floor. You stop searching. [2 turns] You stop searching. The bugbear throws a crude dagger! You stop searching. You are almost hit by a crude dagger. The bugbear picks up a few weapons from the floor. You stop searching. You hit the bugbear. You miss the bugbear. The gnome lord shoots a crossbow bolt! The crossbow bolt misses the bugbear. The crossbow bolt hits the gnome. The gnome is killed! The bugbear wields a curved sword! You hit the bugbear! The hill orc picks up 279 gold pieces from the floor. The bugbear swings his curved sword at you. The bugbear hits! You hit the bugbear! The bugbear swings his curved sword at you. The bugbear hits! You die... Final status: Goodbye montu the Wizard, killed by a bugbear... You died in The Dungeons of Doom on dungeon level 7 with 36916 points, and 757 pieces of gold, after 3345 moves. You were level 6 with a maximum of 64 hit points when you died.